 Dungeon Crawl Stone Soup version 0.29.0 (webtiles) character file.

Game seed: 650978787774982361

100 slphil the Shooter (level 4, -7/40 HPs)
             Began as a Minotaur Hunter on Aug 25, 2022.
             Shot with an arrow by a centaur (14 damage)
             ... on level 3 of the Dungeon.
             The game lasted 00:02:28 (1778 turns).

slphil the Shooter (Minotaur Hunter)                Turns: 1778, Time: 00:02:28

Health: -7/40      AC:  3    Str: 16    XL:     4   Next: 46%
Magic:  3/3        EV: 12    Int:  6    God:
Gold:   136        SH:  0    Dex: 15    Spells: 3/3 levels left

rFire   . . .      SeeInvis .   a - +0 shortbow
rCold   . . .      Faith    .   (shield currently unavailable)
rNeg    . . .      Spirit   .   c - +0 leather armour
rPois   .          Reflect  .   (helmet restricted)
rElec   .          Harm     .   (no cloak)
rCorr   .          Rampage  .   (no gloves)
Will    .....                   (no boots)
Stlth   +.........              (no amulet)
HPRegen 0.13/turn               (no ring)
MPRegen 0.08/turn               (no ring)

@: no status effects
A: horns 2, retaliatory headbutt
a: no special abilities


You were on level 3 of the Dungeon.
You visited 1 branch of the dungeon, and saw 3 of its levels.

You collected 136 gold pieces.

Inventory:

Hand Weapons
 a - a +0 shortbow (weapon)
 u - a +0 scimitar
Armour
 c - a +0 leather armour (worn)
Wands
 s - a wand of acid (7)
Scrolls
 b - 2 scrolls of immolation
 f - a scroll of fear {unknown}
 g - a scroll of butterflies {unknown}
 k - a scroll of enchant armour {unknown}
 l - 2 scrolls of noise {unknown}
 o - 4 scrolls of teleportation {unknown}
 t - a scroll of magic mapping {unknown}
 w - a scroll of vulnerability {unknown}
Potions
 d - a potion of flight {unknown}
 e - a potion of heal wounds {unknown}
 h - a potion of magic {unknown}
 i - a potion of haste {unknown}
 j - 2 potions of brilliance {unknown}
 m - a potion of curing {unknown}
 n - a potion of attraction {unknown}
 p - a potion of might {unknown}
 q - a potion of resistance {unknown}
 r - a potion of degeneration {unknown}
 v - a potion of cancellation {unknown}


   Skills:
 + Level 3.8 Fighting
 * Level 5.9 Ranged Weapons
 - Level 2.1 Dodging
 - Level 0.7 Stealth


You had 3 spell levels left.
You didn't know any spells.
Your spell library contained the following spells:

 Spells                   Type           Power      Damage    Failure   Level
 Sublimation of Blood     Necr           0%         N/A       67%         2
 Petrify                  Tmut/Erth      0%         N/A       99%         4
 Irradiate                Conj/Tmut      0%         3d11      100%        5


Dungeon Overview and Level Annotations

Branches:
Dungeon (3/15)

Altars:


Innate Abilities, Weirdness & Mutations

You have a pair of horns on your head.
You reflexively headbutt those who attack you in melee.


Message History

You see here a rat corpse.
You see here a +2 dagger of speed.
No target in view!
A centaur comes into view.
You see here 15 gold pieces.
You shoot an arrow. The arrow hits the centaur!
The centaur is moderately wounded.
The centaur wields a +0 shortbow.
The centaur shoots an arrow.
The arrow hits you.
You shoot an arrow.
The arrow hits the centaur but does no damage.
The centaur is moderately wounded.
The centaur shoots an arrow.
The arrow hits you!
The centaur shoots an arrow.
The arrow barely misses you.
You shoot an arrow. The arrow hits the centaur.
The centaur is heavily wounded.
The centaur shoots an arrow.
The arrow barely misses you.
The centaur shoots an arrow.
The arrow hits you!
You are too injured to fight recklessly!
You are too injured to fight recklessly!
You are too injured to fight recklessly!
You are too injured to fight recklessly!
You are too injured to fight recklessly!
Unknown command.
You are too injured to fight recklessly!
Fire: a) +0 shortbow
Press: ? - help, Shift-Dir - straight line, f/p - centaur
Aim: a centaur, wielding a +0 shortbow (heavily wounded, 72% to hit)
You shoot an arrow. The arrow hits the centaur.
The centaur is severely wounded.
The centaur shoots an arrow.
The arrow hits you!
* * * LOW HITPOINT WARNING * * *
The centaur shoots an arrow.
The arrow completely misses you.
Fire: a) +0 shortbow
Press: ? - help, Shift-Dir - straight line, f/p - centaur
Aim: a centaur, wielding a +0 shortbow (severely wounded, 72% to hit)
You shoot an arrow. The arrow hits the centaur.
The centaur is almost dead.
The centaur shoots an arrow.
The arrow hits you!
You die...

#... .# ..c ####. #.#
.... #.... #.#.# ......
#.... #.#.#.#
....#.####....
.#.#.#.#.#............
#.#.#.#.#.#..........#
#.#.#.#.#............
#.#@#.#.#........###
#.#.#.#............
#.#.#.#.#.#.##..)...
#.#?#.)†..#.#.#.#..#.
#.#.#.......#.#..#..##
#.#.#.#...........##<..
#.#.#.#............#####
.#.#.#.#............#
.#.#.#.............#


You could see a centaur.

Vanquished Creatures
  4 adders (D:2)
  A worm (D:2)
  A dart slug (D:2)
  5 endoplasms
  4 giant cockroaches
  7 goblins
  4 hobgoblins
  5 jackals
  A quokka (D:1)
  5 ball pythons
  3 bats
  A frilled lizard (D:1)
  7 kobolds
  6 rats
54 creatures vanquished.

Notes
Turn   | Place    | Note
-------+----------+-------------------------------------------
     0 | D:1      | slphil the Minotaur Hunter began the quest for the Orb.
     0 | D:1      | Reached XP level 1. HP: 18/18 MP: 0/0
   206 | D:1      | Found a faded altar of an unknown god.
   225 | D:1      | Reached XP level 2. HP: 25/25 MP: 1/1
   610 | D:1      | Reached skill level 5 in Ranged Weapons
   859 | D:2      | Reached XP level 3. HP: 30/31 MP: 2/2
  1327 | D:2      | Reached XP level 4. HP: 38/38 MP: 3/3
  1773 | D:3      | Noticed a centaur
  1778 | D:3      | Shot with an arrow by a centaur

Illustrated notes

Levels and vault maps discovered:
D:1:      dpeg_arrival_leaves_temple_mockup, layout_basic,
          hellmonk_ecumenical_altar_run_dry
D:2:      layout_loops_corners
D:3:      layout_basic, serial_glass, glass_columns_b, glass_columns_c

Skill      XL: |  1  2 |
---------------+-------+-----
Ranged Weapons | 5 |  5.9
Fighting       | 3 |  3.8
Dodging        | |  2.1
Stealth        | |  0.7

Action                   |  1- 3 |  4- 6 || total
-------------------------+-------+-------++-------
 Fire: Shortbow          |    76 |    48 ||   124
Armor: Leather armour    |     3 |     2 ||     5
Dodge: Dodged            |     7 |    10 ||    17
